 Dungeon Crawl Stone Soup version 0.24.0-125-gc4c63601f3 (webtiles) character file.

Game seed: 4681647727630232560, levelgen mode: deterministic

1453 LraC the Reanimator (level 8, -9/54 HPs)
             Began as a Demonspawn Necromancer on Mar 5, 2020.
             Was an Initiate of Yredelemnul.
             Mangled by a bullfrog simulacrum (11 damage)
             ... on level 5 of the Dungeon on Mar 6, 2020.
             The game lasted 01:19:14 (5604 turns).

LraC the Reanimator (Demonspawn Necromancer)        Turns: 5604, Time: 01:19:15

Health: -9/54      AC: 15    Str:  8    XL:     8   Next: 47%
Magic:  14/17      EV: 13    Int: 20    God:    Yredelemnul [......]
Gold:   231        SH:  0    Dex: 13    Spells: 7/19 levels left

rFire    . . .     SeeInvis .   b - +1 dagger
rCold    . . .     Gourm    .   (no shield)
rNeg     . . .     Faith    .   a - +1 robe
rPois    .         Spirit   .   g - +0 helmet
rElec    .         Reflect  .   (no cloak)
rCorr    .         Harm     .   (no gloves)
MR       .....                  (no boots)
Stlth    ++........             w - amulet of magic regeneration
HPRegen  1.18/turn              i - +5 ring of protection
MPRegen  0.40/turn              (no ring)

@: regenerating
A: iridescent scales 3, blurry vision 1, foul stench 1, mutation resistance 1,
rot immunity
a: Renounce Religion


You were on level 5 of the Dungeon.
You worshipped Yredelemnul.
Yredelemnul was noncommittal.
You were hungry.

You visited 2 branches of the dungeon, and saw 6 of its levels.

You collected 231 gold pieces.

Inventory:

Hand Weapons
 b - a +1 dagger (weapon)
 e - a +1 whip of flaming
 h - a +2 falchion of electrocution
 k - a +4 scythe
 u - a cursed +0 giant club
Missiles
 y - 5 boomerangs (quivered)
Armour
 a - a +1 robe (worn)
 f - a +0 robe
 g - a +0 helmet (worn)
 m - a +0 robe
 r - a +0 ring mail
 t - a +0 leather armour
Jewellery
 i - a +5 ring of protection (left hand)
 w - an amulet of magic regeneration (around neck)
Wands
 q - a wand of paralysis (4)
 R - a wand of iceblast (2)
Scrolls
 d - 6 scrolls of teleportation
 l - 2 scrolls of blinking
 o - 2 scrolls of enchant weapon
 p - 3 scrolls of remove curse
 s - a scroll of amnesia
 v - 3 scrolls of identify
 z - a scroll of enchant armour
Potions
 j - 5 potions of curing
 n - a potion of flight
 A - a potion of brilliance
 O - a potion of invisibility
Comestibles
 c - 7 rations


   Skills:
 + Level 1.1 Fighting
 + Level 2.6 Short Blades
 + Level 1.2 Throwing
 + Level 2.9 Dodging
 + Level 2.3 Stealth
 + Level 6.2 Spellcasting
 + Level 0.7 Charms
 + Level 8.2 Necromancy
 + Level 0.7 Evocations


You had 7 spell levels left.
You knew the following spells:

 Your Spells              Type           Power        Failure   Level  Hunger
a - Pain                  Necr           ####         1%          1    None
b - Animate Skeleton      Necr           N/A          1%          1    None
c - Regeneration          Chrm/Necr      ###.......   4%          3    ##.....
d - Vampiric Draining     Necr           #####.....   1%          3    ##.....
e - Animate Dead          Necr           N/A          3%          4    ####...

Your spell library contained the following spells:

 Spells                   Type           Power        Failure   Level  Hunger
 Confusing Touch          Hex            #.....       11%         1    None
 Confuse                  Hex            #.......     30%         3    ##.....
 Gell's Gravitas          Tloc           #.........   30%         3    ##.....
 Petrify                  Tmut/Erth      #.......     71%         4    ####...
 Metabolic Englaciation   Hex/Ice        #.........   96%         5    #####..
 Yara's Violent Unravell  Hex/Tmut       #.........   96%         5    #####..


Dungeon Overview and Level Annotations

Branches:
Dungeon (5/15)             Temple (1/1) D:5

Altars:
Ashenzari
Cheibriados
Dithmenos
Elyvilon
Fedhas
Gozag
Hepliaklqana
Kikubaaqudgha
Nemelex Xobeh
Okawaru
Qazlal
Ru
Sif Muna
Trog
Uskayaw
Vehumet
Wu Jian
Xom
Yredelemnul
Zin
The Shining One

Annotations:
D:5 matti1234's ghost, novice OpWr


Innate Abilities, Weirdness & Mutations

You are completely covered in iridescent scales. (AC +6)
You may emit foul miasma when damaged in melee.
You are immune to rotting.
Scrolls take you a little longer to read.
You are somewhat resistant to further mutation.


Message History

You hit the centaur simulacrum.
The centaur simulacrum vapourises!
Yredelemnul accepts your kill. The ice beast hits you.
* * * LOW HITPOINT WARNING * * *
The ice beast freezes you!
* * * LOW HITPOINT WARNING * * *
The ice beast looks sick.
The bullfrog simulacrum misses you.
The adder simulacrum closely misses you.
Casting: Regeneration (safe; 4% risk of failure)
Confirm with . or Enter, or press ? or * to list all spells.
Your skin crawls.
The bullfrog simulacrum hits you but does no damage.
The ice beast misses you.
The adder simulacrum closely misses you.
The bullfrog simulacrum hits you.
* * * LOW HITPOINT WARNING * * *
The bullfrog simulacrum freezes you!
You die...
Your body rises from the dead as a mindless zombie.

#..#5.#...=.% #..#...# #<#
##.#..##..... #..#...# #.#
#####.#...###$)##..##...#######.#
......##....####...#............#
####...#..........##.####.....###
.......##$........#..............
#####...##....5..##.#####.....###
##...###''Z###..# #######
#........ZZ@..#####
######.........Y.......#
....(..##..#...........#
##########.#...........#
#.#...p.......########## ####
#....#........##.......# ...###
##...#........'......... ##...###
#...#........##.......#
#..#...#####..#........##........


You could see an ice beast, a white imp, an adder simulacrum, a bullfrog
simulacrum, a worker ant simulacrum and a neutral freed slave (wandering).

Vanquished Creatures
  Pikel (D:5)
  Sigmund (D:5)
  Menkaure (D:4)
  A phantom (D:5)
  2 ogres
  A centaur (D:4)
  A bullfrog (D:5)
  A howler monkey (D:5)
  2 crimson imps (D:5)
  A centaur skeleton (D:4)
  2 worker ants (D:5)
  A centaur simulacrum (D:5)
  A worker ant zombie (D:5)
  10 adders
  A worker ant simulacrum (D:5)
  An ooze (D:2)
  4 worms
  4 dart slugs
  15 orcs
  2 bats
  6 giant cockroaches
  4 goblins (D:2)
  4 hobgoblins
  7 jackals
  2 quokkas
  4 frilled lizards
  A jackal skeleton (D:4)
  10 kobolds
  A quokka skeleton (D:5)
  4 rats
96 creatures vanquished.

Vanquished Creatures (collateral kills)
  Grinder (D:5)
  A centaur zombie (D:5)
  A bullfrog skeleton (D:5)
  An adder (D:4)
  2 orcs
  A ball python (D:3)
  2 kobolds
9 creatures vanquished.

Vanquished Creatures (others)
  2 slaves (D:5)
  A hound (D:5)
  A jelly (D:5)
  An adder skeleton (D:5)
  A kobold (D:3)
6 creatures vanquished.

Grand Total: 111 creatures vanquished

Notes
Turn   | Place    | Note
-------+----------+-------------------------------------------
     0 | D:1      | LraC the Demonspawn Necromancer began the quest for the
                  | Orb.
     0 | D:1      | Reached XP level 1. HP: 13/13 MP: 3/3
     2 | D:1      | Learned a level 1 spell: Animate Skeleton
   196 | D:1      | Gained mutation: You are immune to rotting. [demonic
                  | ancestry]
   196 | D:1      | Reached XP level 2. HP: 8/19 MP: 1/5
   819 | D:2      | Reached skill level 5 in Necromancy
   869 | D:2      | Gained mutation: You are partially covered in iridescent
                  | scales. (AC +2) [demonic ancestry]
   869 | D:2      | Reached XP level 3. HP: 8/24 MP: 1/6
  1339 | D:2      | Reached XP level 4. HP: 22/30 MP: 0/8
  1550 | D:2      | Learned a level 3 spell: Regeneration
  1554 | D:2      | Learned a level 3 spell: Vampiric Draining
  2515 | D:3      | Reached XP level 5. HP: 30/35 MP: 2/9
  2649 | D:3      | Reached skill level 6 in Necromancy
  3304 | D:4      | Noticed Menkaure
  3339 | D:4      | Killed Menkaure
  3339 | D:4      | Gained mutation: You may emit foul miasma when damaged in
                  | melee. [demonic ancestry]
  3339 | D:4      | Reached XP level 6. HP: 16/41 MP: 3/12
  3459 | D:4      | Reached skill level 1 in Short Blades
  3577 | D:4      | Learned a level 4 spell: Animate Dead
  3882 | D:5      | Entered Level 5 of the Dungeon
  3893 | D:5      | Noticed Pikel
  3893 | D:5      | Noticed a slave
  3893 | D:5      | Noticed a slave
  3893 | D:5      | Noticed a slave
  3893 | D:5      | Noticed a slave
  3908 | D:5      | Killed Pikel
  3908 | D:5      | Reached skill level 5 in Spellcasting
  3908 | D:5      | Reached skill level 7 in Necromancy
  3908 | D:5      | Gained mutation: You are mostly covered in iridescent
                  | scales. (AC +4) [demonic ancestry]
  3908 | D:5      | Reached XP level 7. HP: 19/47 MP: 5/15
  3947 | D:5      | Noticed matti1234's ghost (novice OpWr)
  3951 | D:5      | Noticed Sigmund
  3959 | D:5      | Killed Sigmund
  4258 | D:5      | Found a staircase to the Ecumenical Temple.
  4281 | D:5      | Noticed Grinder
  4300 | D:5      | Paralysed by Grinder for 6 turns
  4312 | D:5      | Killed Grinder
  4312 | D:5      | Gained mutation: You are completely covered in iridescent
                  | scales. (AC +6) [demonic ancestry]
  4312 | D:5      | Reached XP level 8. HP: 23/53 MP: 10/17
  4355 | Temple   | Entered the Ecumenical Temple
  4522 | Temple   | Became a worshipper of Yredelemnul the Dark
  4873 | D:5      | Gained mutation: Scrolls take you a little longer to read.
                  | [potion of mutation]
  4873 | D:5      | Gained mutation: You are somewhat resistant to further
                  | mutation. [potion of mutation]
  4903 | D:5      | Reached skill level 8 in Necromancy
  5062 | D:5      | Found a runed translucent gate.
  5062 | D:5      | Found a runed translucent gate.
  5062 | D:5      | Found a runed translucent gate.
  5282 | D:5      | Reached skill level 1 in Fighting
  5533 | D:5      | Reached skill level 1 in Throwing
  5601 | D:5      | HP: 2/54 [ice beast (7)]
  5604 | D:5      | Mangled by a bullfrog simulacrum

Levels and vault maps discovered:
D:1:      sevenhm_arrival_forest_fort_small_3, layout_loops_ring
D:2:      layout_basic, first_ration, serial_curves, eino_curves_03,
          eino_curves_02, eino_curves_02
D:3:      layout_loops_ring, grunt_ministairs_7
D:4:      kennysheep_six_static_rooms, layout_basic, uniq_menkaure
D:5:      minmay_skewed_foursquare, layout_basic,
          minmay_temple_entry_glassed_door, gammafunk_ghost_icy, uniq_grinder,
          uniq_sigmund, uniq_pikel
Temple:   grunt_wide_crystal_templ

Skill      XL: |  1  2  3  4  5  6  7  8 |
---------------+-------------------------+-----
Necromancy     | 5 6 7 8 |  8.2
Spellcasting   | 3 4 5 6 |  6.2
Dodging        | 2 |  2.9
Short Blades   | 1 2 |  2.6
Stealth        | 2 |  2.3
Fighting       | 1 |  1.1
Throwing       | 1 |  1.2
Charms         | |  0.7
Evocations     | |  0.7

Action                   |  1- 3 |  4- 6 |  7- 9 || total
-------------------------+-------+-------+-------++-------
Melee: Dagger            |    29 |    72 |   384 ||   485
Throw: Boomerang         |       |       |    54 ||    54
 Cast: Pain              |    47 |    80 |    21 ||   148
       Animate Skeleton  |    10 |    22 |       ||    32
       Regeneration      |       |     7 |     7 ||    14
       Animate Dead      |       |     2 |     7 ||     9
       Vampiric Draining |       |     2 |     5 ||     7
Evoke: Wand              |       |     3 |     5 ||     8
  Use: Potion            |     5 |     6 |     3 ||    14
       Scroll            |     5 |     6 |     2 ||    13
 Stab: Distracted        |     1 |       |       ||     1
  Eat: Chunk             |     2 |     6 |       ||     8
       Ration            |       |     1 |     2 ||     3
Armor: Robe              |    16 |    49 |   135 ||   200
Dodge: Dodged            |    42 |    65 |   221 ||   328
